Unix NetHack Version 5.0.0-0 post-release - last build May  4 2026 22:22:43 (774f63e81ad911689b3a0859ea89b322d5daca8d,branch:main).

Game began 2026-05-10 02:31:16, ended 2026-05-10 02:39:05.

Kwijibo4686, neutral female human Valkyrie

                                          ---
                  ----                   --.--
                   ...---               --..^|
                     ....--            --..|.--
                     -.....---       ---..-|..|
                      .....`..       |....|--d--
                      -.......---    |.---- |..|
                      |.........|  ---.|    --.--
                       -........-- |...|     |.@-
                      --.........| |.---     --GG|
                      |..........---.|        --.|
                           |.%.......|          .|
                           --#)%....---         .-
                             |<.......-
                             |.|.............|
                             -.|........---  |
                             ..|-...|...|
                            -----------.|
                                       --

Kwijibo4686 the Skirmisher  St:17 Dx:15 Co:16 In:7 Wi:11 Ch:8  Neutral
Dlvl:5  $:82 HP:0(42) Pw:11(11) AC:6  Xp:4 T:1286 

Latest messages:
 You miss the gnome.
 You hit the gnome.
 You kill the gnome!
 p - a brass ring.
 You see here a gnome corpse.
 There is a gnome corpse here; eat it? [ynq] (n) y
 This gnome corpse tastes okay.
 You stop eating the gnome corpse.
 There is a partly eaten gnome corpse here; eat it? [ynq] (n) y
 You resume your meal.
 You stop eating the gnome corpse.
 There is a partly eaten gnome corpse here; eat it? [ynq] (n) y
 You resume your meal.
 The gnome picks up an aklys.
 You stop eating the gnome corpse.
 You hear crashing rock.
 You hear crashing rock.
 The gnome picks up 3 daggers.
 You kill the gnome!
 The gnome picks up 3 daggers.
 You kill the gnome!
 The gnome picks up 4 daggers.
 You miss the gnome.
 The gnome swings his aklys.
 The gnome hits!
 You hit the gnome.
 You kill the gnome!
 There are several objects here.
 There is a gnome corpse here; eat it? [ynq] (n) y
 This gnome corpse is stringy.
 You finish eating the gnome corpse.
 What do you want to eat? [dh or ?*] <space>
 Never mind.
 q - a candle.
 You see here a partly eaten gnome corpse.
 The dwarf picks up an aklys.
 The dwarf wields an aklys!
 The dwarf secures the tether on the aklys.
 The aklys welds itself to the dwarf's hand!
 An arrow shoots out at you!
 You are hit by an arrow.
 What do you want to throw? [$b or ?*] h
 In what direction? 2
 The little dog seems more amiable.
 Your little dog devours a tripe ration.
 You swap places with your little dog.
 The gnome lord hits!
 The gnome hits!
 You die...
 Do you want your possessions identified? [ynq] (y) q

Inventory:
 Coins    ('$')
  $ - 82 gold pieces
 Weapons  (')')
  b - a +0 dagger (alternate weapon; not wielded)
  a - a +1 spear (weapon in right hand)
 Armor    ('[')
  c - an uncursed +3 small shield (being worn)
 Comestibles  ('%')
  d - 2 uncursed food rations
 Scrolls  ('?')
  m - an uncursed scroll of charging
  n - an uncursed scroll of identify
 Potions  ('!')
  e - an uncursed potion of gain level
  g - an uncursed potion of see invisible
  l - an uncursed potion of water
 Rings    ('=')
  p - a cursed -1 ring of gain constitution
  i - an uncursed ring of teleport control
 Tools    ('(')
  k - a cursed can of grease (0:25)
  q - a blessed tallow candle
  j - a cursed partly used tallow candle

Kwijibo4686 the Valkyrie's attributes:

Background:
 You were a Skirmisher, a level 4 human Valkyrie.
 You were neutral, nominally on a mission for Odin
 who was opposed by Tyr (lawful) and Loki (chaotic).
 You were right-handed.
 You were in the Gnomish Mines, on level 5.
 You entered the dungeon 1286 turns ago.
 It was nighttime.
 You had 108 experience points, 52 more were needed to attain level 5.

Basics:
 You had 0 out of 42 hit points.
 You had all 11 energy points (spell power).
 Your armor class was 6.
 Your wallet contained 82 zorkmids.
 Autopickup was on for '$?!/="' plus thrown.

Final Characteristics:
 Your strength was 17 (limit:18/100).
 Your dexterity was 15 (peak:16, limit:18).
 Your constitution was 16 (limit:18).
 Your intelligence was 7 (limit:18).
 Your wisdom was 11 (limit:18).
 Your charisma was 8 (limit:18).

Final Status:
 You weren't hungry.
 You were unencumbered.
 You were wielding a spear.
 You had basic skill with spear.

Final Attributes:
 You were devoutly aligned.
 You were cold resistant.
 You were stealthy.
 You are dead.

Miscellaneous:
 You encountered 1 bones level.
 Total elapsed playing time was 7 minutes and 49 seconds.

Major events:
 Turn
    1: Kwijibo4686 the neutral human Valkyrie entered the dungeon
  878: attained the rank of Skirmisher (level 3)
 1205: entered the Gnomish Mines
 1286: killed by a gnome

You didn't know any spells.

Skills:
 Fighting Skills
   bare handed combat [Unskilled]
   two weapon combat  [Unskilled]
   riding             [Unskilled]
 Weapon Skills
   dagger             [Basic]
   axe                [Unskilled]
   pick-axe           [Unskilled]
   short sword        [Unskilled]
   broadsword         [Unskilled]
   long sword         [Unskilled]
   two-handed sword   [Unskilled]
   saber              [Unskilled]
   hammer             [Unskilled]
   quarterstaff       [Unskilled]
   polearms           [Unskilled]
   spear              [Basic]
   trident            [Unskilled]
   lance              [Unskilled]
   sling              [Unskilled]
 Spellcasting Skills
   attack spells      [Unskilled]
   escape spells      [Unskilled]

Voluntary challenges:
 Character rerolling was not enabled.
 You were an atheist.
 You were illiterate.
 You never genocided any monsters.
 You never polymorphed an object.
 You never changed form.
 You used no wishes.
Achievements:
 You attained the rank of Skirmisher.
 You entered the Gnomish Mines.

 The Dungeons of Doom: levels 1 to 5
    Level 1:
    Level 2:
       Some fountains.
    Level 3:
       Some fountains.
    Level 4:
       A fountain, a grave.
       Stairs down to The Gnomish Mines.
    Level 5:
       Final resting place for
          eestinsv-Pri-Elf-Fem-Cha, killed by a kobold mummy.
 The Gnomish Mines:
    Level 5: <- You were here.
       Final resting place for
          you, killed by a gnome.


Vanquished creatures:
  a gnome leader
  a homunculus
  4 giant rats
  2 cave spiders
  a green mold
  6 gnomes
  3 geckos
  a jackal
  a fox
  a goblin
  a sewer rat
  2 grid bugs
  3 lichens
  5 newts
32 creatures vanquished.

No species were genocided or became extinct.

Game over:
                       ----------
                      /          \
                     /    REST    \
                    /      IN      \
                   /     PEACE      \
                  /                  \
                  |   Kwijibo4686    |
                  |      82 Au       |
                  |   killed by a    |
                  |      gnome       |
                  |                  |
                  |                  |
                  |       2026       |
                 *|     *  *  *      | *
        _________)/\\_//(\/(/\)/\//\/|_)_______

Farvel Kwijibo4686 the Valkyrie...

You died in The Gnomish Mines on dungeon level 5 with 706 points,
and 82 pieces of gold, after 1286 moves.
You were level 4 with a maximum of 42 hit points when you died.

